 Dungeon Crawl Stone Soup version 0.20.0-15-g7f486f2 (webtiles) character file.

10578 grindst0ne the Markscentaur (level 11, -3/104 HPs)
             Began as a Centaur Hunter on June 11, 2017.
             Was a High Priest of Trog.
             Slain by Erica
             ... wielding a +4 scimitar of flaming
              (5 damage)
             ... on level 1 of the Lair of Beasts.
             The game lasted 00:32:57 (12296 turns).

grindst0ne the Markscentaur (Centaur Hunter)       Turns: 12296, Time: 00:32:58

Health: -3/104     AC: 12    Str: 20    XL:     11   Next: 38%
Magic:  14/14      EV:  9    Int: 10    God:    Trog [*****.]
Gold:   503        SH:  2    Dex: 13    Spells: 10/10 levels left

rFire    + . .     SeeInvis .   b - +2 war axe (chop)
rCold    . . .     Gourm    .   (no shield)
rNeg     . . .     Faith    .   F - +2 leather armour {rF+}
rPois    .         Spirit   .   j - +1 hat
rElec    .         Reflect  +   (no cloak)
rCorr    .         Harm     .   (no gloves)
MR       .....                  k - +1 centaur barding
Stlth    +.........             I - +2 amulet of reflection
Regen    0.3/turn               l - +5 ring of strength
MPRegen  0.2/turn               w - +2 ring of evasion

@: lethally poisoned (-3 -> -21), flying, hasted and slowed, very quick
A: hooves 3, deformed body, speed 2, tough skin 3
a: Berserk, Trog's Hand, Brothers in Arms, Burn Spellbooks, Renounce Religion


You were on level 1 of the Lair of Beasts.
You worshipped Trog.
Trog was extremely pleased with you.
You were not hungry.

You visited 2 branches of the dungeon, and saw 11 of its levels.
You also visited: Ossuary.

You collected 503 gold pieces.

Inventory:

Hand Weapons
 a - the +1 longbow "Haffiche" {venom, Str+6}
   (You found it on level 4 of the Dungeon)

   It poisons the ammo it fires.
   It affects your strength (+6).
 b - a +2 war axe of chopping (weapon)
 r - a +2 hand axe of flaming
 D - a +1 shortbow
Missiles
 d - 115 arrows
Armour
 c - a +0 leather armour
 j - a +1 hat (worn)
 k - a +1 centaur barding (worn)
 F - a +2 leather armour of fire resistance (worn)
 M - +0 steam dragon scales
Jewellery
 e - an uncursed amulet of guardian spirit
 l - a +5 ring of strength (left hand)
 w - a +2 ring of evasion (right hand)
 I - a +2 amulet of reflection (around neck)
Wands
 y - a wand of polymorph (14/24)
 K - a wand of polymorph (12/24)
 L - a wand of lightning (9/15)
Scrolls
 g - 3 scrolls of recharging {unknown}
 n - 5 scrolls of fog
 p - 10 scrolls of identify
 q - 2 scrolls of enchant armour
 s - 3 scrolls of teleportation
 u - 3 scrolls of remove curse
 x - a scroll of enchant weapon {unknown}
 B - a scroll of brand weapon {unknown}
 E - a scroll of magic mapping {unknown}
 G - 2 scrolls of fear {unknown}
Potions
 h - 2 potions of flight
 i - 5 potions of curing
 m - 3 potions of haste
 t - 2 potions of heal wounds {unknown}
 v - 2 potions of cancellation {unknown}
 A - a potion of lignification
 C - a potion of berserk rage {unknown}
Comestibles
 f - 14 bread rations
 o - 3 meat rations
 z - 12 fruits
 H - 11 chunks of flesh
 N - a royal jelly


   Skills:
 + Level 12.1 Fighting
 + Level 15.6 Bows
 - Level 1.3 Dodging
 - Level 0.4 Stealth
 - Level 5.0 Evocations


You had 10 spell levels left.
You didn't know any spells.

Dungeon Overview and Level Annotations

Branches:
Dungeon (10/15)            Temple (0/1) D:5            Lair (1/6) D:10
    Orc (0/2) D:9

Altars:
Ashenzari
Fedhas
Gozag
Qazlal
Ru
Sif Muna
Trog
Uskayaw
Vehumet
Xom
Yredelemnul

Annotations:
Lair:1 Erica


Innate Abilities, Weirdness & Mutations

You have hooves in place of feet.
Armour fits poorly on your strangely shaped body.
You cover ground very quickly.
You have extremely tough skin. (AC +3)


Message History

Erica casts a spell at you. The orb of energy misses you.
You feel better. The spiny frog stings you.
Erica hits you with a scimitar of flaming.
The spiny frog stings you!
* * * LOW HITPOINT WARNING * * *
It was a potion of flight.
You feel very buoyant.
You fly up into the air.
The spiny frog barely misses you. Erica hits you but does no damage.
The spiny frog stings you but does no damage.
It was a potion of haste.
You feel yourself speed up.
Erica hits you with a scimitar of flaming.
* * * LOW HITPOINT WARNING * * *
The spiny frog stings you!!
* * * LOW HITPOINT WARNING * * *
You are lethally poisoned!
The spiny frog poisons you!
Erica hits you with a scimitar of flaming.
You die...

#...............##.#
#...............#### #
#....####..#.....# #
#.#####....##.............
............#.P###...#####
...........##.P###...#
.###......=.........#
###.......#...#P..#
#..@..#...........
##.@F.##...........
#.....###....### ###....P#
#...# #.......###...#
#..............
#P............
##...=......>.
#............


You could see Erica and a spiny frog.

Vanquished Creatures
  3 two-headed ogres
  A tengu warrior (D:10)
  A centaur zombie (D:10)
  A gargoyle (D:10)
  A troll (D:9)
  3 hippogriffs
  A wyvern (D:9)
  4 yaks (D:9)
  2 steam dragons (D:10)
  7 orc warriors
  An eye of draining (D:9)
  3 sky beasts
  2 black bears
  5 centaurs
  6 ogres
  6 big kobolds
  6 bullfrogs
  3 gnoll sergeants
  5 scorpions
  A wyvern skeleton (D:9)
  4 killer bees (D:9)
  5 wights (D:10)
  A howler monkey (D:6)
  6 crimson imps
  A bullfrog zombie (D:5)
  2 jellies
  A human zombie (Ossuary)
  2 bullfrog skeletons
  9 orc priests
  2 hounds
  9 orc wizards
  2 centaur skeletons
  3 iguanas
  4 worker ants (D:4)
  4 hound zombies
  3 hound skeletons
  5 mummies
  9 gnolls
  A howler monkey skeleton (D:6)
  A river rat (D:4)
  7 adders
  2 shadow imps
  An ooze (D:2)
  An adder zombie (Ossuary)
  3 adder skeletons
  3 worms
  2 dart slugs
  5 leopard geckos
  52 orcs
  A bat (D:2)
  6 giant cockroaches
  8 goblins
  5 hobgoblins
  2 jackals (D:9)
  4 quokkas
  5 ball pythons
  6 frilled lizards
  2 goblin zombies
  2 jackal zombies (Ossuary)
  26 kobolds
  3 kobold zombies
  2 leopard gecko skeletons
  A leopard gecko zombie (D:7)
  An orc zombie (Ossuary)
  A quokka skeleton (D:9)
  14 rats
  2 rat zombies (Ossuary)
303 creatures vanquished.

Notes
Turn   | Place    | Note
-------+----------+-------------------------------------------
     0 | D:1      | grindst0ne the Centaur Hunter began the quest for the Orb.
     0 | D:1      | Reached XP level 1. HP: 17/17 MP: 1/1
   278 | D:1      | Reached XP level 2. HP: 25/25 MP: 2/2
   809 | D:1      | Reached skill level 6 in Bows
   809 | D:1      | Reached XP level 3. HP: 15/30 MP: 3/3
  1853 | D:2      | Reached XP level 4. HP: 36/38 MP: 4/4
  2126 | D:3      | Found a shattered altar of Ashenzari.
  2340 | D:3      | Found a sacrificial altar of Ru.
  2348 | D:3      | Found a shimmering altar of Xom.
  2360 | D:3      | Found an opulent altar of Gozag.
  2465 | D:3      | Found a bloodstained altar of Trog.
  2484 | D:3      | Became a worshipper of Trog the Wrathful
  2769 | D:4      | Found a deep blue altar of Sif Muna.
  2897 | D:4      | Found a basalt altar of Yredelemnul.
  2924 | D:4      | Reached XP level 5. HP: 46/46 MP: 5/5
  2977 | D:4      | Reached skill level 7 in Bows
  3243 | D:4      | Found a sand-covered staircase.
  3250 | Ossuary  | Entered an ossuary
  3263 | Ossuary  | Reached XP level 6. HP: 55/55 MP: 6/6
  3312 | Ossuary  | Reached * piety under Trog
  3495 | Ossuary  | Reached skill level 5 in Fighting
  3769 | D:4      | Reached skill level 8 in Bows
  4130 | D:4      | Found a blossoming altar of Fedhas.
  4362 | D:5      | Entered Level 5 of the Dungeon
  4742 | D:5      | Reached XP level 7. HP: 62/62 MP: 7/7
  4935 | D:5      | Reached ** piety under Trog
  4941 | D:5      | Reached skill level 9 in Bows
  4969 | D:5      | Found a staircase to the Ecumenical Temple.
  5833 | D:5      | Noticed a moth of wrath
  5836 | D:5      | Found a bloodstained altar of Trog.
  6024 | D:6      | Reached XP level 8. HP: 71/71 MP: 8/8
  6094 | D:5      | Reached skill level 10 in Bows
  7363 | D:7      | Noticed a hippogriff
  7370 | D:7      | Reached skill level 11 in Bows
  7419 | D:7      | Killed a hippogriff
  7758 | D:4      | Got a bloodstained longbow
  7759 | D:4      | Identified the +1 longbow "Haffiche" {venom, Str+6} (You found it on level 4 of the Dungeon)
  7988 | D:7      | Found a radiant altar of Vehumet.
  8033 | D:7      | You fall through a shaft!
  8190 | D:7      | Reached XP level 9. HP: 82/82 MP: 9/9
  8361 | D:7      | Reached skill level 12 in Bows
  8774 | D:8      | Reached *** piety under Trog
  9164 | D:8      | Found a radiant altar of Vehumet.
  9254 | D:8      | Noticed a two-headed ogre
  9310 | D:8      | Killed a two-headed ogre
  9310 | D:8      | Reached skill level 10 in Fighting
  9310 | D:8      | Reached skill level 13 in Bows
  9445 | D:8      | Reached **** piety under Trog
  9596 | D:8      | Reached skill level 1 in Evocations
  9825 | D:8      | Found a hide-covered altar of Uskayaw.
 10041 | D:9      | Reached XP level 10. HP: 75/93 MP: 11/11
 10057 | D:9      | Noticed a two-headed ogre
 10068 | D:9      | Killed a two-headed ogre
 10085 | D:9      | Received a gift from Trog
 10257 | D:9      | Noticed a two-headed ogre
 10266 | D:9      | Killed a two-headed ogre
 10266 | D:9      | Reached skill level 14 in Bows
 10799 | D:9      | Found a staircase to the Orcish Mines.
 10824 | D:9      | Reached ***** piety under Trog
 10943 | D:9      | Reached skill level 5 in Evocations
 10943 | D:9      | Reached XP level 11. HP: 102/102 MP: 14/14
 11287 | D:10     | Entered Level 10 of the Dungeon
 11291 | D:10     | Received a gift from Trog
 11291 | D:10     | Reached skill level 15 in Bows
 11400 | D:10     | Noticed a tengu warrior
 11431 | D:10     | Killed a tengu warrior
 11648 | D:10     | Found a stormy altar of Qazlal.
 11680 | D:10     | Found a staircase to the Lair.
 12242 | Lair:1   | Entered Level 1 of the Lair of Beasts
 12279 | Lair:1   | Noticed Erica
 12296 | Lair:1   | HP: 2/104 [spiny frog (23)]
 12296 | Lair:1   | Slain by Erica

Skill      XL: |  1  2  3  4  5  6  7  8  9 10 11 |
---------------+----------------------------------+-----
Bows           | 6 7 8 9 11 13 14 15 | 15.6
Fighting       | 3 4 5 6 8 10 11 12 | 12.1
Evocations     | 1 5 |  5.0
Dodging        | |  1.3
Stealth        | |  0.4

Action                   |  1- 3 |  4- 6 |  7- 9 | 10-12 || total
-------------------------+-------+-------+-------+-------++-------
Melee: Short sword       |    32 |    14 |       |       ||    46
       Kick              |     5 |    12 |    18 |       ||    35
       War axe           |       |    28 |    30 |     5 ||    63
       Hand axe          |       |       |    10 |       ||    10
       Shortbow          |       |       |     7 |       ||     7
       Longbow           |       |       |     1 |       ||     1
 Fire: Shortbow          |    84 |   140 |   334 |    18 ||   576
       Longbow           |       |       |    47 |   200 ||   247
Invok: Burn Spellbooks   |       |       |     3 |       ||     3
  Use: Scroll            |       |    11 |       |       ||    11
       Potion            |       |     2 |       |     3 ||     5
  Eat: Chunk             |     2 |     6 |     9 |     5 ||    22
       Bread ration      |       |       |     1 |       ||     1
Armor: Leather armour    |    22 |    10 |    82 |    26 ||   140
       Robe              |       |     9 |       |       ||     9
       Skin              |       |    61 |       |       ||    61
Dodge: Dodged            |    16 |    16 |    58 |    20 ||   110
Block: Other             |       |       |     2 |     7 ||     9
